 Dungeon Crawl Stone Soup version 0.23.1 (webtiles) character file.

Game seed: 0

716629 vishdafish the Hoplite (level 27, -12/235 HPs)
             Began as a Gnoll Fighter on Mar 2, 2019.
             Was an Initiate of Gozag.
             Killed from afar by an ancient lich (79 damage)
             ... with a bolt of cold
             ... on level 5 of the Realm of Zot on Mar 3, 2019.
             The game lasted 03:16:46 (73584 turns).

vishdafish the Hoplite (Gnoll Fighter)             Turns: 73584, Time: 03:16:47

Health: -12/235    AC: 41    Str: 30    XL:     27
Magic:  0/45       EV: 25    Int: 19    God:    Gozag
Gold:   2042       SH: 30    Dex: 17    Spells: 22/63 levels left

rFire    + + +     SeeInvis +   L - +7 broad axe of War {vamp, *Noise rF++ MR+ SInv}
rCold    . . .     Gourm    .   c - +5 shield {rC+ rF+}
rNeg     + + .     Faith    .   B - +8 fire dragon scales
rPois    .         Spirit   +   y - +2 hat of the Bear Spirit {Spirit, +Rage rN+ MR++}
rElec    +         Reflect  +   Q - scarf {cloud immunity}
rCorr    .         Harm     .   P - +2 pair of gloves
MR       +++++                  H - +2 pair of boots {run}
Stlth    ++++++....             T - +6 amulet of reflection
HPRegen  0.49/turn              k - ring of Eheqing {rN+ MR+ Str+2 Int+4 SInv}
MPRegen  0.29/turn              a - +6 ring of protection

@: mighty, about to teleport, gold aura, studying 7 skills, quick
A: distributed training, antennae 1, fangs 1, thin metallic scales 1, shaggy fur
1, electricity resistance, weak 1, subdued magic 1, sturdy frame 1, strong nose
}: 3/15 runes: decaying, serpentine, slimy
a: Potion Petition, Call Merchant, Bribe Branch, Renounce Religion, Evoke
Berserk Rage


You were on level 5 of the Realm of Zot.
You worshipped Gozag.
Gozag was most pleased with you.
You were full.

You visited 12 branches of the dungeon, and saw 56 of its levels.
You visited 1 ziggurat, and saw 18 of its levels.
You also visited: Trove, Ossuary, Ice Cave and Wizlab.

You collected 34662 gold pieces.
You spent 17638 gold pieces at shops.
You paid 14982 gold pieces to Gozag.

Inventory:

Hand Weapons
 L - the +7 broad axe of War (weapon) {vamp, *Noise rF++ MR+ SInv}
   (You bought it in a shop on level 2 of the Vaults)

   It inflicts no extra harm, but heals its wielder when it wounds a living foe.
   It greatly protects you from fire.
   It affects your resistance to hostile enchantments.
   It lets you see invisible.
   It may make noises in combat.
 Y - the +14 obsidian axe {chop, +Fly SInv *Curse}
   (You took it off a white draconian on level 5 of the Depths)

   It inflicts extra damage upon your enemies.
   It lets you see invisible.
   It lets you fly.
   It curses itself when equipped.
Missiles
 m - 3 silver javelins (quivered)
Armour
 c - a +5 shield of resistance (worn)
 y - the +2 hat of the Bear Spirit (worn) {Spirit, +Rage rN+ MR++}
   (You bought it in a shop on level 3 of the Vaults)

   It protects you from negative energy.
   It affects your resistance to hostile enchantments.
   It lets you go berserk.
 B - +8 fire dragon scales (worn)
 H - a +2 pair of boots of running (worn)
 P - a +2 pair of gloves (worn)
 Q - a scarf of cloud immunity (worn)
Jewellery
 a - a +6 ring of protection (right hand)
 k - the ring of Eheqing (left hand) {rN+ MR+ Str+2 Int+4 SInv}
   (You acquired it on level 11 of a ziggurat)

   [ring of strength]

   It affects your strength (+2).
   It affects your intelligence (+4).
   It protects you from negative energy.
   It affects your resistance to hostile enchantments.
   It lets you see invisible.
 I - an uncursed ring of resist corrosion
 T - a +6 amulet of reflection (around neck)
Wands
 W - a wand of digging (4)
Scrolls
 g - 5 scrolls of holy word
 h - 19 scrolls of enchant weapon
 n - 13 scrolls of immolation
 o - 11 scrolls of enchant armour
 p - 39 scrolls of teleportation
 r - 6 scrolls of fear
 s - 18 scrolls of magic mapping
 t - 8 scrolls of blinking
 u - 6 scrolls of remove curse
 w - 3 scrolls of summoning
 J - 17 scrolls of fog
 O - 8 scrolls of brand weapon
 S - 4 scrolls of silence
 Z - 9 scrolls of identify
Potions
 d - 3 potions of might
 e - 21 potions of curing
 i - 4 potions of berserk rage
 q - 5 potions of mutation
 x - 3 potions of haste
 A - 5 potions of invisibility
 D - 6 potions of agility
 E - 4 potions of cancellation
 F - 13 potions of brilliance
 G - 5 potions of magic
 U - 3 potions of resistance
Books
 j - a manual of Polearms
 z - a manual of Fighting
 C - a manual of Conjurations
 K - a manual of Fire Magic
 N - a manual of Crossbows
 V - a manual of Shields
 X - a manual of Summonings
Miscellaneous
 b - 5 phantom mirrors
 l - 3 sacks of spiders
 M - a lamp of fire
Comestibles
 f - 20 rations


   Skills:
 + Level 23.2 Fighting
 + Level 18.8 Short Blades
 + Level 19.2 Long Blades
 + Level 18.8 Axes
 + Level 18.8 Maces & Flails
 + Level 20.9 Polearms
 + Level 18.8 Staves
 + Level 18.8 Slings
 + Level 18.8 Bows
 + Level 20.9 Crossbows
 + Level 18.8 Throwing
 + Level 19.5 Armour
 + Level 18.8 Dodging
 + Level 18.8 Stealth
 + Level 23.6 Shields
 + Level 18.8 Unarmed Combat
 + Level 18.8 Spellcasting
 + Level 19.7 Conjurations
 + Level 16.2 Hexes
 + Level 16.2 Charms
 + Level 19.0 Summonings
 + Level 16.2 Necromancy
 + Level 16.2 Translocations
 + Level 16.2 Transmutations
 + Level 21.1 Fire Magic
 + Level 16.2 Ice Magic
 + Level 16.2 Air Magic
 + Level 16.2 Earth Magic
 + Level 16.2 Poison Magic
 + Level 20.2 Invocations
 + Level 18.8 Evocations


You had 22 spell levels left.
You knew the following spells:

 Your Spells              Type           Power        Failure   Level  Hunger
a - Song of Slaying       Chrm           ######..     0%          2    None
b - Regeneration          Chrm/Necr      ######....   0%          3    None
c - Shroud of Golubria    Chrm/Tloc      ######....   0%          2    None
d - Silence               Hex/Air        ######....   1%          5    ##.....
e - Aura of Abjuration    Summ           ######....   1%          5    ##.....
f - Borgnjor's Vile Clut  Necr/Erth      ######....   1%          5    ##.....
g - Shadow Creatures      Summ           N/A          1%          6    ####...
h - Passwall              Tmut/Erth      ######..     0%          2    None
i - Dispel Undead         Necr           ######..     1%          5    ##.....
j - Statue Form           Tmut/Erth      ######...    1%          6    ####...

Your spell library contained the following spells:

 Spells                   Type           Power        Failure   Level  Hunger
 Animate Skeleton         Necr           N/A          0%          1    None
 Beastly Appendage        Tmut           ######       0%          1    None
 Confusing Touch          Hex            ######       0%          1    None
 Corona                   Hex            ######.      0%          1    None
 Flame Tongue             Conj/Fire      #####        0%          1    None
 Freeze                   Ice            ####         0%          1    None
 Infusion                 Chrm           ####         0%          1    None
 Magic Dart               Conj           ####         0%          1    None
 Pain                     Necr           ####         0%          1    None
 Shock                    Conj/Air       ####         0%          1    None
 Sting                    Conj/Pois      ####         0%          1    None
 Summon Butterflies       Summ           ######..     0%          1    None
 Summon Small Mammal      Summ           ####         0%          1    None
 Blink                    Tloc           N/A          0%          2    None
 Call Imp                 Summ           ######..     0%          2    None
 Corpse Rot               Necr           N/A          0%          2    None
 Ensorcelled Hibernation  Hex/Ice        ######       0%          2    None
 Poisonous Vapours        Pois/Air       ######       0%          2    None
 Searing Ray              Conj           ######       0%          2    None
 Slow                     Hex            ######..     0%          2    None
 Sticks to Snakes         Tmut           ######..     0%          2    None
 Sublimation of Blood     Necr           ######....   0%          2    None
 Swiftness                Chrm/Air       ######..     0%          2    None
 Throw Flame              Conj/Fire      ######       0%          2    None
 Throw Frost              Conj/Ice       ######       0%          2    None
 Call Canine Familiar     Summ           ######..     0%          3    None
 Confuse                  Hex            ######..     0%          3    None
 Conjure Flame            Conj/Fire      ######..     0%          3    None
 Dazzling Spray           Conj/Hex       ######       0%          3    None
 Gell's Gravitas          Tloc           ######....   0%          3    None
 Ignite Poison            Fire/Tmut/Pois ######..     0%          3    None
 Inner Flame              Hex/Fire       ######..     0%          3    None
 Lesser Beckoning         Tloc           ######....   0%          3    None
 Mephitic Cloud           Conj/Pois/Air  ######..     0%          3    None
 Ozocubu's Armour         Chrm/Ice       ######..     0%          3    None
 Recall                   Summ/Tloc      N/A          0%          3    None
 Spectral Weapon          Hex/Chrm       ######..     0%          3    None
 Spider Form              Tmut/Pois      ######....   0%          3    None
 Static Discharge         Conj/Air       ######..     0%          3    None
 Stone Arrow              Conj/Erth      ######       0%          3    None
 Summon Guardian Golem    Hex/Summ       ######..     0%          3    None
 Teleport Other           Tloc           ######..     0%          3    None
 Tukima's Dance           Hex            ######..     0%          3    None
 Vampiric Draining        Necr           ######....   0%          3    None
 Force Lance              Conj/Tloc      ######..     0%          4    None
 Fulminant Prism          Conj/Hex       ######....   0%          4    None
 Iskenderun's Mystic Bla  Conj           ######..     0%          4    None
 Sticky Flame             Conj/Fire      ######..     0%          4    None
 Summon Ice Beast         Ice/Summ       ######..     0%          4    None
 Summon Lightning Spire   Summ/Air       ######..     0%          4    None
 Throw Icicle             Conj/Ice       ######..     0%          4    None
 Fireball                 Conj/Fire      ######....   0%          5    ##.....
 Animate Dead             Necr           N/A          1%          4    None
 Cause Fear               Hex            ######....   1%          4    None
 Ice Form                 Ice/Tmut       ######..     1%          4    None
 Leda's Liquefaction      Hex/Erth       ######....   1%          4    None
 Olgreb's Toxic Radiance  Pois           ######..     1%          4    None
 Passage of Golubria      Tloc           N/A          1%          4    None
 Petrify                  Tmut/Erth      ######..     1%          4    None
 Agony                    Necr           ######..     1%          5    ##.....
 Alistair's Intoxication  Tmut/Pois      ######..     1%          5    ##.....
 Blade Hands              Tmut           ######....   1%          5    ##.....
 Bolt of Magma            Conj/Fire/Erth ######....   1%          5    ##.....
 Excruciating Wounds      Chrm/Necr      ######....   1%          5    ##.....
 Irradiate                Conj/Tmut      ######....   1%          5    ##.....
 Iskenderun's Battlesphe  Conj/Chrm      ######..     1%          5    ##.....
 Lee's Rapid Deconstruct  Erth           ######....   1%          5    ##.....
 Lightning Bolt           Conj/Air       ######....   1%          5    ##.....
 Metabolic Englaciation   Hex/Ice        ######....   1%          5    ##.....
 Summon Demon             Summ           ######....   1%          5    ##.....
 Summon Forest            Summ/Tloc      ######....   1%          5    ##.....
 Summon Mana Viper        Hex/Summ       ######..     1%          5    ##.....
 Venom Bolt               Conj/Pois      ######....   1%          5    ##.....
 Yara's Violent Unravell  Hex/Tmut       ######....   1%          5    ##.....
 Bolt of Fire             Conj/Fire      ######....   1%          6    ####...
 Darkness                 Hex            ######....   1%          6    ####...
 Deflect Missiles         Chrm/Air       ######....   1%          6    ####...
 Freezing Cloud           Conj/Ice/Air   ######....   1%          6    ####...
 Hydra Form               Tmut           ######....   1%          6    ####...
 Iron Shot                Conj/Erth      ######....   1%          6    ####...
 Ozocubu's Refrigeration  Ice            ######....   1%          6    ####...
 Simulacrum               Ice/Necr       ######....   1%          6    ####...
 Malign Gateway           Summ/Tloc      ######....   1%          7    ######.
 Monstrous Menagerie      Summ           ######....   1%          7    ######.
 Orb of Destruction       Conj           ######....   1%          7    ######.
 Ring of Flames           Chrm/Fire      ######....   1%          7    ######.
 Spellforged Servitor     Conj/Summ      ######....   1%          7    ######.
 Summon Greater Demon     Summ           ######....   1%          7    ######.
 Summon Hydra             Summ           ######....   1%          7    ######.
 Dragon Form              Tmut           ######....   3%          7    ######.
 Ignition                 Fire           ######....   3%          8    #######
 Summon Horrible Things   Summ           ######....   10%         8    #######
 Lehudib's Crystal Spear  Conj/Erth      ######....   14%         8    #######
 Discord                  Hex            ######....   30%         8    #######
 Dragon's Call            Summ           ######....   85%         9    #######
 Shatter                  Erth           ######....   99%         9    #######
 Tornado                  Air            ######....   99%         9    #######


Dungeon Overview and Level Annotations

Branches:
Dungeon (15/15)            Temple (1/1) D:4            Lair (6/6) D:8
  Swamp (4/4) Lair:2        Snake (4/4) Lair:4        Slime (5/5) Lair:5
    Orc (2/2) D:10            Elf (3/3) Orc:2        Vaults (5/5) D:14
  Crypt (1/3) Vaults:3     Depths (5/5) D:15            Zot (5/5) Depths:5

Altars:
Ashenzari
Fedhas
Gozag
Hepliaklqana
Kikubaaqudgha
Makhleb
Nemelex Xobeh
Qazlal
Trog
Uskayaw
Vehumet
Wu Jian
Xom
Yredelemnul
Zin
The Shining One
Beogh

Shops:
D:4 *[((*   D:5 }   D:11 :   Orc:2 [*%([=   Elf:2 *   Snake:3 (   Snake:4 :*?}
Vaults:2 =([??   Vaults:3 [[*[(   Zot:5 *   Depths:5 }=}?*=!*

Portals:
Hell: Depths:1 Depths:2 Depths:3 Depths:4 Depths:5
Abyss: Depths:4
Pandemonium: Depths:2 Depths:3 Depths:4

Annotations:
Lair:2 exclusion: 4 oklob plants
Swamp:3 1 runed translucent door, Somebody's ghost, adept DEFE
Elf:2 1 runed translucent door
Elf:3 2 runed translucent doors, kalagan's ghost, adept DEEE
Crypt:1 Khufu
Zot:2 2 transporters, Sebriys's ghost, legendary TrBe


Innate Abilities, Weirdness & Mutations

Your experience applies equally to all skills.
You have very sharp teeth.
Your uncanny sense of smell can sniff out nearby items.
You have a pair of small antennae on your head.
You are partially covered in thin metallic scales. (AC +2)
You are covered in fur. (AC +1)
You are resistant to electric shocks. (rElec)
You are weak. (Str -2)
Your spells are a little easier to cast, but a little less powerful.
Your movements are slightly less encumbered by armour. (ER -2)


Message History

You hit the ancient lich.
You destroy the ancient lich!
The freezing wraith disappears in a puff of smoke!
Your Summonings skill increases to level 19!
You hit the ancient lich but do no damage.
The ghost moth is no longer distracted by gold.
The ghost moth stares at you.
You feel your power leaking away.
The ancient lich gestures at you while chanting.
The lance of force hits your orb of fire!!
Your orb of fire is knocked back by the lance of force.
The orb of fire becomes distracted by the nearby gold, dreaming of imaginary riches.
You slash the ancient lich! You bite the ancient lich.
The ancient lich is moderately damaged.
The electric golem is no longer distracted by gold.
The white draconian stormcaller is no longer distracted by gold.
The ancient lich gestures at you while chanting.
The bolt of cold hits you!!!!
You die...
Your body crumbles into a pile of gold.

▓▓▓▓▓▓▓▓#
$∆p...y§### #8L§$##
#.. ∆
###@**###########...
∆ ##$L$............#
##.☼...........#
#.$...........#
##...........#
#.d..?....$.#
##...q.^.....##
#.Y...........#
#...?.........##


You could see an orb of fire, an electric golem, 2 ancient liches, a ghost moth
(invisible), a neutral red draconian, a neutral white draconian stormcaller and
a friendly orb of fire.

Vanquished Creatures
  the Royal Jelly (Slime:5)
  An orb of fire (Zot:5)
  6 ancient liches
  3 juggernauts (Zig:16)
  Vashnia (Snake:3)
  5 greater mummies
  2 Killer Klowns
  Boris (Vaults:3)
  11 golden dragons
  Nikola (Snake:4)
  6 electric golems
  A Tzitzimitl (Depths:3)
  12 tentacled monstrosities
  2 liches
  Jorgrun (D:12)
  2 iron giants (Zig:16)
  7 Orb Guardians (Zot:5)
  A deep elf master archer (Zig:15)
  3 deep elf blademasters
  3 titans (Zig:16)
  6 quicksilver dragons
  22 acid blobs
  An ancient champion (Crypt:1)
  7 death cobs
  6 storm dragons
  3 tengu reavers
  A tentacled starspawn (Zig:14)
  8 draconian monks
  7 sphinxes
  4 shadow dragons
  4 revenants
  4 thorn hunters
  20 azure jellies
  5 nagarajas (Snake:4)
  7 fire giants
  13 vault wardens
  2 cacodemons (WizLab)
  10 draconian knights
  A balrug (WizLab)
  6 frost giants
  Aizul (Snake:4)
  4 deep elf sorcerers
  4 ghost moths
  3 draconian stormcallers
  7 draconian scorchers
  A deep elf elementalist (Elf:3)
  11 draconian annihilators
  3 curse skulls
  4 draconian shifters
  A war gargoyle (Vaults:1)
  7 very ugly things
  A stone giant (shapeshifter) (Depths:2)
  18 ironheart preservers
  3 entropy weavers
  20 stone giants
  4 vampire knights
  13 deep elf annihilators
  3 bennus (Zig:17)
  18 black draconians
  9 yellow draconians
  A black sun (WizLab)
  10 green draconians
  12 white draconians
  A dire elephant (Zig:12)
  4 deep elf demonologists
  7 purple draconians
  2 lorocyprocas (WizLab)
  An eidolon (Zig:7)
  12 red draconians
  5 fire dragons
  4 spark wasps (Depths:2)
  10 mummy priests
  A fire dragon (shapeshifter) (Zig:13)
  12 ettins
  7 death oozes (Slime:5)
  4 blizzard demons
  5 deep elf high priests
  Erolcha (D:12)
  10 deep elf death magi
  A jiangshi (Crypt:1)
  13 great orbs of eyes
  15 yaktaur captains
  The ghost of nikopol the Spear-Bearer, a journeyman MiBe of Trog (Lair:1)
  10 ice dragons
  4 vault guards
  3 rakshasas
  22 hydras
  22 naga warriors
  3 shambling mangroves
  Erica (D:11)
  15 centaur warriors
  11 ogre magi
  3 catoblepae (Zig:12)
  3 ghost crabs
  4 spriggan air magi
  27 two-headed ogres
  7 death knights
  9 anacondas
  14 deep troll shamans
  11 alligators
  4 death scarabs
  12 deep troll earth magi
  A queen ant (Lair:5)
  A two-headed ogre (shapeshifter) (Zig:13)
  A tengu warrior (D:13)
  6 orc high priests
  10 death yaks
  A titan zombie (Zig:17)
  A vampire mage (Depths:1)
  20 naga sharpshooters
  Sonja (D:12)
  7 shock serpents
  5 sun demons
  6 spriggan berserkers
  22 deep elf knights
  9 hell knights
  8 soul eaters
  A thrashing horror (Zig:14)
  4 iron trolls
  2 fire crabs (shapeshifter)
  A salamander mystic (Snake:4)
  8 skeletal warriors
  2 spectral minotaurs (Depths:3)
  A spectral anaconda (Depths:3)
  A wretched star (Zig:14)
  A golden dragon zombie (Zig:17)
  2 spatial maelstroms (Zig:14)
  7 spriggan druids
  6 flayed ghosts
  12 glowing orange brains
  A shadow demon (Zig:17)
  8 swamp dragons
  2 death drakes (Depths:5)
  2 shadow wraiths
  32 deep trolls
  A spectral hydra (Depths:3)
  3 orange crystal statues
  15 phantasmal warriors
  18 ironbrand convokers
  A lindwurm (shapeshifter) (Zig:10)
  A wizard (D:15)
  A torturous demonspawn (Depths:2)
  6 naga ritualists
  21 deep elf archers
  2 lindwurms (Depths:5)
  2 shadow dragon zombies
  14 necromancers
  3 obsidian statues
  A golden dragon skeleton (Zig:17)
  Pikel (D:9)
  3 wolf spiders
  An oklob plant (Lair:5)
  31 ugly things
  7 harpies
  19 orc knights
  2 manticores
  65 deep elf magi
  A salamander (shapeshifter) (Vaults:1)
  5 mana vipers
  A stone giant zombie (Vaults:4)
  10 salamanders
  A frost giant zombie (Vaults:4)
  5 orc sorcerers
  6 shining eyes
  Maurice (D:13)
  A shock serpent zombie (Crypt:1)
  An elephant (Zig:12)
  7 cyclopes
  A moth of wrath (shapeshifter) (Elf:3)
  25 moths of wrath
  8 vault sentinels
  A guardian serpent (shapeshifter) (Zig:13)
  8 guardian serpents
  A frost giant skeleton (Zig:4)
  A spriggan zombie (Zig:17)
  6 rust devils
  2 gargoyles
  2 ice statues
  30 black mambas
  26 naga magi
  An apocalypse crab (Zig:2)
  3 eyes of devastation
  3 orange demons
  23 spiny frogs
  2 rime drakes
  3 smoke demons
  2 hellions
  6 komodo dragons
  A tormentor (Depths:2)
  2 efreet (Zig:14)
  9 freezing wraiths
  2 tengu conjurers
  3 hellwings (WizLab)
  An ice devil (WizLab)
  A spectral merfolk (Depths:3)
  50 yaktaurs
  A yaktaur skeleton (Vaults:2)
  7 trolls
  21 guardian mummies
  2 trolls (shapeshifter)
  21 hornets
  3 meliai (D:15)
  2 ancient zymes (Zig:14)
  4 red devils (WizLab)
  2 tengu simulacra
  23 polar bears
  A polar bear (shapeshifter) (Depths:3)
  An iron dragon simulacrum (Zig:17)
  2 wind drakes (Depths:5)
  8 large abominations
  13 tyrant leeches
  4 raiju
  14 blink frogs
  2 wolf spider simulacra
  12 bog bodies
  113 slime creatures
  A slime creature (shapeshifter) (Zig:13)
  2 frost giant simulacra (Vaults:3)
  A stone giant simulacrum (Vaults:2)
  20 dream sheep
  A dream sheep (shapeshifter) (D:13)
  2 hippogriffs
  A redback (shapeshifter) (Elf:1)
  2 spriggans (shapeshifter)
  3 air elementals
  6 flying skulls
  Sigmund (D:2)
  28 spriggans
  5 vampires
  5 wyverns
  8 water elementals
  3 ynoxinuls (WizLab)
  2 ettin skeletons
  28 yaks
  2 yaks (shapeshifter)
  11 wraiths
  11 shadows
  4 ushabtiu
  4 fire elementals
  15 vampire mosquitoes
  A small abomination (Zig:3)
  4 basilisks
  3 chaos spawn
  A black mamba skeleton (Crypt:1)
  A hungry ghost (D:14)
  A steam dragon (shapeshifter) (Depths:5)
  A naga (shapeshifter) (Vaults:4)
  An elf skeleton (Zig:17)
  A torturous demonspawn zombie (Crypt:1)
  An acid dragon (Vaults:1)
  12 wargs
  15 swamp worms
  A warg (shapeshifter) (D:15)
  11 soldier ants
  15 insubstantial wisps
  3 spectral spriggans (Depths:3)
  69 nagas
  A deep troll zombie (Vaults:3)
  A floating eye (Depths:3)
  12 water moccasins
  10 porcupines
  12 swamp drakes
  42 orc warriors
  A spectral troll (Depths:3)
  6 ice beasts
  A slave (D:9)
  3 snapping turtle zombies
  An ettin simulacrum (Vaults:2)
  5 hell hounds (Depths:3)
  8 eyes of draining
  2 phantoms
  4 sky beasts
  6 black bears
  An eye of draining (shapeshifter) (Elf:3)
  15 ogres
  11 boggarts
  32 wolves
  A tengu (shapeshifter) (Elf:2)
  31 centaurs
  13 crocodiles
  A hog skeleton (Crypt:1)
  2 elf zombies (Elf:1)
  A hippogriff zombie (Crypt:1)
  7 big kobolds
  3 water moccasin zombies (Ossuary)
  A gnoll sergeant (D:10)
  2 earth elementals (Elf:2)
  3 human skeletons
  2 glowing shapeshifter simulacra (Vaults:3)
  4 human zombies
  12 bullfrogs
  A merfolk simulacrum (Depths:3)
  5 scorpions
  5 spectral nagas (Depths:3)
  2 spectral ogres (Depths:3)
  14 wights
  5 howler monkeys
  5 electric eels
  A spectral centaur (Depths:3)
  6 jellies
  7 crimson imps
  11 starcursed masses (Zig:14)
  4 bullfrog zombies
  4 centaur zombies
  2 quasits
  4 iron imps
  28 orc priests
  4 centaur skeletons
  3 hounds
  16 orc wizards
  2 gnoll shamans
  2 bullfrog skeletons
  2 iguanas (D:8)
  29 worker ants
  8 big kobold zombies (Ossuary)
  A hound zombie (D:6)
  A hound skeleton (D:7)
  32 mummies
  18 gnolls
  A howler monkey skeleton (D:6)
  15 adders
  5 shadow imps
  15 white imps
  5 oozes
  4 adder zombies (Ossuary)
  2 worms
  A dart slug (D:2)
  7 leopard geckos
  109 orcs
  2 giant cockroaches
  3 gnoll zombies (Ossuary)
  9 goblins
  12 hobgoblins
  6 jackals
  A quokka (D:7)
  2 ball pythons
  11 bats
  7 frilled lizards
  4 hobgoblin zombies (Ossuary)
  A jackal skeleton (D:8)
  41 kobolds
  A kobold zombie (Ossuary)
  A leopard gecko zombie (D:7)
  3 orc zombies (Ossuary)
  A quokka skeleton (D:10)
  2 quokka zombies
  10 rats
  6 briar patches (Zig:8)
  2 plants
2669 creatures vanquished.

Vanquished Creatures (collateral kills)
  An ancient lich (Zot:5)
  A Hellbinder (WizLab)
  A hellephant (Zig:12)
  A tentacled monstrosity (Depths:5)
  5 Orb Guardians (Zot:5)
  A storm dragon (Zot:5)
  A stone giant (Vaults:3)
  A purple draconian (Zig:9)
  A hydra (Zig:12)
  An ice dragon (Depths:5)
  A deep troll shaman (Depths:5)
  A death drake (Depths:5)
  A deep troll (Depths:5)
  3 lindwurms (Depths:5)
  An orc knight (Zig:6)
  A rust devil (WizLab)
  A smoke demon (Zig:3)
  A komodo dragon (Zig:12)
  5 yaktaurs (Depths:5)
  A hippogriff (Zig:12)
  A swamp drake (Zig:8)
31 creatures vanquished.

Vanquished Creatures (others)
  An ancient lich (Zot:5)
  An orb of fire (Zot:5)
  A Killer Klown (Zot:5)
  A curse toe (Zot:5)
  2 Orb Guardians (Zot:5)
  4 deep elf master archers
  2 death cobs (Zot:5)
  A tengu reaver (Depths:2)
  2 draconian knights
  A green draconian (Zot:5)
  3 stone giants
  A spark wasp (Depths:2)
  A dire elephant (Zot:5)
  2 red draconians (Zot:5)
  2 yaktaur captains
  A catoblepas (Zig:12)
  A deep troll shaman (Depths:2)
  39 dancing weapons
  A deep troll earth mage (Depths:2)
  2 naga sharpshooters
  A spriggan berserker (Depths:5)
  An iron troll (Depths:2)
  A swamp dragon (Swamp:4)
  A glowing orange brain (Depths:3)
  A wizard (Depths:2)
  5 deep elf archers
  A necromancer (Depths:2)
  4 deep elf magi
  A rime drake (IceCv)
  4 yaktaurs
  A polar bear (IceCv)
  2 hornets
  A water elemental (Zig:11)
  A vampire mosquito (Swamp:1)
  A chaos spawn (Zig:14)
  A naga (Snake:4)
  A swamp drake (Swamp:3)
  A large abomination (Zig:14)
  2 wolves (IceCv)
  3 centaurs
  A human zombie (Vaults:3)
  A small abomination (Zig:14)
  A shadow imp (Depths:4)
  3 orcs
  A leopard gecko zombie (D:9)
  3 briar patches
  4 bushes
  5 fungi
  28 plants
  2 starspawn tentacles (Zig:14)
152 creatures vanquished.

Grand Total: 2852 creatures vanquished

Notes
Turn   | Place    | Note
-------+----------+-------------------------------------------
     0 | D:1      | vishdafish the Gnoll Fighter began the quest for the Orb.
     0 | D:1      | Reached XP level 1. HP: 23/23 MP: 1/1
    81 | D:1      | Reached XP level 2. HP: 25/29 MP: 2/2
   495 | D:2      | Reached XP level 3. HP: 35/35 MP: 3/3
   536 | D:2      | Noticed Sigmund
   543 | D:2      | Killed Sigmund
   543 | D:2      | Reached skill level 1 in Short Blades
   543 | D:2      | Reached skill level 1 in Axes
   543 | D:2      | Reached skill level 1 in Maces & Flails
   543 | D:2      | Reached skill level 1 in Polearms
   543 | D:2      | Reached skill level 1 in Staves
   543 | D:2      | Reached skill level 1 in Slings
   543 | D:2      | Reached skill level 1 in Bows
   543 | D:2      | Reached skill level 1 in Crossbows
   543 | D:2      | Reached skill level 1 in Throwing
   543 | D:2      | Reached skill level 1 in Dodging
   543 | D:2      | Reached skill level 1 in Stealth
   543 | D:2      | Reached skill level 1 in Unarmed Combat
   543 | D:2      | Reached skill level 1 in Spellcasting
   543 | D:2      | Reached skill level 1 in Conjurations
   543 | D:2      | Reached skill level 1 in Hexes
   543 | D:2      | Reached skill level 1 in Charms
   543 | D:2      | Reached skill level 1 in Summonings
   543 | D:2      | Reached skill level 1 in Necromancy
   543 | D:2      | Reached skill level 1 in Translocations
   543 | D:2      | Reached skill level 1 in Transmutations
   543 | D:2      | Reached skill level 1 in Fire Magic
   543 | D:2      | Reached skill level 1 in Ice Magic
   543 | D:2      | Reached skill level 1 in Air Magic
   543 | D:2      | Reached skill level 1 in Earth Magic
   543 | D:2      | Reached skill level 1 in Poison Magic
   543 | D:2      | Reached skill level 1 in Invocations
   543 | D:2      | Reached skill level 1 in Evocations
   543 | D:2      | Reached XP level 4. HP: 34/41 MP: 3/6
   543 | D:2      | Reached XP level 5. HP: 39/47 MP: 3/7
   865 | D:2      | Reached XP level 6. HP: 48/53 MP: 8/8
   877 | D:2      | Found a hazy altar of Hepliaklqana.
  1875 | D:3      | Reached skill level 5 in Long Blades
  2205 | D:4      | Found Bomnuc's General Store.
  2216 | D:4      | Bought a scroll of identify for 20 gold pieces
  2216 | D:4      | Bought a scroll of identify for 20 gold pieces
  2241 | D:4      | Found Fyggamep's Armour Emporium.
  2389 | D:4      | Found a burning altar of Makhleb.
  2420 | D:4      | Found Izosch's Antique Weapon Boutique.
  2463 | D:4      | Reached XP level 7. HP: 58/59 MP: 10/10
  2624 | D:4      | Found Kazomuas's Assorted Antiques.
  2773 | D:4      | Found a staircase to the Ecumenical Temple.
  2789 | Temple   | Entered the Ecumenical Temple
  2802 | Temple   | Became a worshipper of Gozag Ym Sagoz the Greedy
  2931 | D:4      | Found a sparkling altar of Nemelex Xobeh.
  3126 | D:5      | Entered Level 5 of the Dungeon
  3208 | D:5      | Found a sand-covered staircase.
  3220 | Ossuary  | Entered an ossuary
  3339 | Ossuary  | Reached XP level 8. HP: 65/67 MP: 12/12
  3797 | D:5      | Found Cesim's Gadget Boutique.
  3920 | D:4      | Bought an ancient long sword for 221 gold pieces
  3920 | D:4      | Identified the +3 long sword "Ponouvoph" {freeze, rElec rF-
                  | rC+++ rN++ Str-5} (You bought it in a shop on level 4 of
                  | the Dungeon)
  3942 | D:4      | Bought a scroll of teleportation for 78 gold pieces
  3942 | D:4      | Bought 2 scrolls labeled UFAPHA KOYRGH for 52 gold pieces
  4092 | D:6      | Found a basalt altar of Yredelemnul.
  4095 | D:6      | Found a hide-covered altar of Uskayaw.
  4096 | D:6      | Found a glowing silver altar of Zin.
  4114 | D:6      | Got a warped ring mail
  4142 | D:6      | Identified the +1 ring mail of Beogh's Benevolence {Str+4
                  | Stlth+} (You found it on level 6 of the Dungeon)
  4302 | D:6      | Found a transporter.
  4313 | D:6      | Found a transporter.
  4497 | D:7      | Found a stormy altar of Qazlal.
  4622 | D:7      | Reached XP level 9. HP: 51/72 MP: 14/14
  4657 | D:7      | Found a shattered altar of Ashenzari.
  4753 | D:7      | Found an ornate altar of the Wu Jian Council.
  5346 | D:8      | Found a glowing golden altar of the Shining One.
  5731 | D:8      | Found a staircase to the Lair.
  6025 | D:8      | Reached skill level 5 in Invocations
  6466 | D:9      | Noticed Pikel
  6482 | D:9      | Killed Pikel
  6482 | D:9      | Reached XP level 10. HP: 76/80 MP: 15/17
  6665 | D:9      | Reached skill level 5 in Short Blades
  6665 | D:9      | Reached skill level 5 in Axes
  6665 | D:9      | Reached skill level 5 in Maces & Flails
  6665 | D:9      | Reached skill level 5 in Polearms
  6665 | D:9      | Reached skill level 5 in Staves
  6665 | D:9      | Reached skill level 5 in Slings
  6665 | D:9      | Reached skill level 5 in Bows
  6665 | D:9      | Reached skill level 5 in Crossbows
  6665 | D:9      | Reached skill level 5 in Throwing
  6665 | D:9      | Reached skill level 5 in Dodging
  6665 | D:9      | Reached skill level 5 in Stealth
  6665 | D:9      | Reached skill level 5 in Unarmed Combat
  6665 | D:9      | Reached skill level 5 in Spellcasting
  6665 | D:9      | Reached skill level 5 in Evocations
  6799 | D:9      | Found a sparkling altar of Nemelex Xobeh.
  7140 | D:10     | Entered Level 10 of the Dungeon
  7805 | D:10     | Found a burning altar of Makhleb.
  7817 | D:10     | Noticed a balrug
  7821 | D:10     | Noticed an orange demon
  7939 | D:10     | Found a staircase to the Orcish Mines.
  8533 | D:10     | Reached XP level 11. HP: 81/87 MP: 19/19
  8734 | D:4      | Bought the +2 helmet "Kuvudim" {Str+4 Int+4 Stlth+} for 493
                  | gold pieces
  8734 | D:4      | Bought the +7 Kryia's mail coat {PotionHeal*2 rC+} for 720
                  | gold pieces
  8734 | D:4      | Found the +7 Kryia's mail coat {PotionHeal*2 rC+}
  9192 | D:11     | Found a shimmering altar of Xom.
  9221 | D:11     | Noticed Erica
  9237 | D:11     | Killed Erica
  9482 | D:11     | Found Duexuro's Book Boutique.
  9792 | D:12     | Reached skill level 5 in Conjurations
  9792 | D:12     | Reached skill level 5 in Hexes
  9792 | D:12     | Reached skill level 5 in Charms
  9792 | D:12     | Reached skill level 5 in Summonings
  9792 | D:12     | Reached skill level 5 in Necromancy
  9792 | D:12     | Reached skill level 5 in Translocations
  9792 | D:12     | Reached skill level 5 in Transmutations
  9792 | D:12     | Reached skill level 5 in Fire Magic
  9792 | D:12     | Reached skill level 5 in Ice Magic
  9792 | D:12     | Reached skill level 5 in Air Magic
  9792 | D:12     | Reached skill level 5 in Earth Magic
  9792 | D:12     | Reached skill level 5 in Poison Magic
  9850 | D:12     | Noticed Jorgrun
  9855 | D:12     | Killed Jorgrun
  9950 | D:12     | Got a polished trident
  9951 | D:12     | Identified the +6 trident "Concordance" {freeze, Dex+6}
                  | (You found it on level 12 of the Dungeon)
  9976 | D:12     | Noticed Sonja
  9987 | D:12     | Killed Sonja
  9994 | D:12     | Noticed Erolcha
 10386 | D:12     | Killed Erolcha
 10539 | D:12     | Found a bloodstained altar of Trog.
 10893 | Lair:1   | Entered Level 1 of the Lair of Beasts
 10910 | Lair:1   | Reached XP level 12. HP: 92/96 MP: 22/22
 10923 | Lair:1   | Found a runed translucent door.
 10925 | Lair:1   | Noticed a spriggan rider
 10925 | Lair:1   | Noticed nikopol's ghost (journeyman MiBe)
 10925 | Lair:1   | Identified the cursed +1 spear of the Eternal Warrior
                  | {flame, rPois Str+6 Dex-5 SInv}
 11637 | Lair:1   | Killed a spriggan rider
 11640 | Lair:1   | Killed nikopol's ghost
 11704 | Lair:2   | Found a staircase to the Swamp.
 13515 | Lair:3   | Reached skill level 10 in Fighting
 13515 | Lair:3   | Reached skill level 10 in Armour
 13515 | Lair:3   | Reached skill level 10 in Shields
 14274 | Lair:4   | Noticed a four-headed hydra
 14284 | Lair:4   | Killed a four-headed hydra
 14284 | Lair:4   | Reached XP level 13. HP: 22/103 MP: 24/24
 14470 | Lair:4   | Found a frozen archway.
 14527 | IceCv    | Entered an ice cave
 15221 | IceCv    | Noticed a frost giant
 15244 | IceCv    | Killed a frost giant
 15524 | IceCv    | Got a jewelled plate armour
 15535 | IceCv    | Identified the +10 plate armour of Incorporation {rF+} (You
                  | found it in an ice cave)
 15995 | Lair:4   | Found a staircase to the Snake Pit.
 16699 | Lair:5   | Found a staircase to the Slime Pits.
 16759 | Lair:5   | Identified 2 scrolls of acquirement
 16763 | Lair:5   | Got a smoking copper ring
 16771 | Lair:5   | Identified the ring "Wifinera" {+Fly rElec MR+ Stlth+} (You
                  | acquired it on level 5 of the Lair of Beasts)
 17222 | Lair:6   | Entered Level 6 of the Lair of Beasts
 17248 | Lair:6   | Reached XP level 14. HP: 111/111 MP: 26/26
 17583 | Lair:6   | Reached skill level 10 in Long Blades
 18448 | Lair:5   | Reached skill level 10 in Invocations
 18866 | Lair:6   | Noticed an entropy weaver
 18868 | Lair:6   | Noticed an entropy weaver
 18965 | Lair:6   | Killed an entropy weaver
 18973 | Lair:6   | Killed an entropy weaver
 19877 | D:4      | Bought a scroll of acquirement for 520 gold pieces
 19892 | D:4      | Bought a +6 war axe of electrocution for 651 gold pieces
 20060 | Orc:1    | Entered Level 1 of the Orcish Mines
 20121 | Orc:1    | You fall through a shaft!
 20121 | Orc:2    | Entered Level 2 of the Orcish Mines
 20134 | Orc:2    | Noticed a stone giant
 20826 | Orc:1    | Killed a stone giant
 20877 | Orc:2    | Found a staircase to the Elven Halls.
 20916 | Orc:2    | Reached XP level 15. HP: 101/119 MP: 28/28
 21636 | Orc:2    | Found a roughly hewn altar of Beogh.
 22023 | Orc:2    | Reached skill level 10 in Fire Magic
 22462 | Orc:2    | Found Heitoec's Antique Weapon Shop.
 22465 | Orc:2    | Found Jasobof's Armour Shop.
 22466 | Orc:2    | Found Viaguik's Food Shop.
 22467 | Orc:2    | Found Roaxev's Assorted Antiques.
 22473 | Orc:2    | Bought a potion of heal wounds for 145 gold pieces
 22473 | Orc:2    | Bought a potion of agility for 116 gold pieces
 22476 | Orc:2    | Bought a scratched brass ring for 145 gold pieces
 22520 | Orc:2    | Bought a scarf of repulsion for 156 gold pieces
 22549 | Orc:2    | Bought the ring of the Louse {Str+2 Slay+3} for 433 gold
                  | pieces
 23202 | D:13     | Reached skill level 10 in Short Blades
 23202 | D:13     | Reached skill level 10 in Axes
 23202 | D:13     | Reached skill level 10 in Maces & Flails
 23202 | D:13     | Reached skill level 10 in Polearms
 23202 | D:13     | Reached skill level 10 in Staves
 23202 | D:13     | Reached skill level 10 in Slings
 23202 | D:13     | Reached skill level 10 in Bows
 23202 | D:13     | Reached skill level 10 in Crossbows
 23202 | D:13     | Reached skill level 10 in Throwing
 23202 | D:13     | Reached skill level 10 in Dodging
 23202 | D:13     | Reached skill level 10 in Stealth
 23202 | D:13     | Reached skill level 10 in Unarmed Combat
 23202 | D:13     | Reached skill level 10 in Spellcasting
 23202 | D:13     | Reached skill level 10 in Evocations
 23285 | D:13     | Noticed Maurice
 23292 | D:13     | Killed Maurice
 23780 | D:14     | Found an opulent altar of Gozag.
 23791 | D:14     | Identified the Tome of Stones and Companions
 24365 | D:14     | Found a gate to the Vaults.
 24573 | D:15     | Entered Level 15 of the Dungeon
 24612 | D:15     | Reached XP level 16. HP: 109/127 MP: 30/30
 24755 | D:15     | Found a staircase to the Depths.
 25666 | Snake:1  | Entered Level 1 of the Snake Pit
 27709 | Snake:2  | Reached XP level 17. HP: 108/135 MP: 32/32
 27737 | Snake:2  | HP: 2/135 [guardian serpent (13)]
 28089 | Snake:2  | Identified the cursed +0 battleaxe of the Lesser Evil
                  | {venom, +Blink rC+ Str+2}
 28368 | Snake:2  | Found a bloodstained altar of Trog.
 28812 | Snake:3  | Noticed Vashnia
 28824 | Snake:3  | Killed Vashnia
 28826 | Snake:3  | HP: 6/135 [naga sharpshooter/bolt[Vashnia] (19)]
 29582 | Snake:3  | Found an ancient bone altar of Kikubaaqudgha.
 29999 | Snake:3  | Found Kocucz Gooh's Antique Weapon Boutique.
 31006 | Snake:4  | Entered Level 4 of the Snake Pit
 31009 | Snake:4  | Found Tuys's Magic Scroll Boutique.
 31019 | Snake:4  | Bought a scroll of vulnerability for 127 gold pieces
 31019 | Snake:4  | Bought a scroll of torment for 127 gold pieces
 31019 | Snake:4  | Bought a scroll of identify for 34 gold pieces
 31019 | Snake:4  | Bought a scroll of teleportation for 51 gold pieces
 31026 | Snake:4  | Found Xim Wuov's General Store.
 31070 | Snake:4  | Bought a potion of invisibility for 144 gold pieces
 31070 | Snake:4  | Bought a potion of heal wounds for 90 gold pieces
 31070 | Snake:4  | Bought a scroll of identify for 36 gold pieces
 31070 | Snake:4  | Bought a potion of curing for 54 gold pieces
 31070 | Snake:4  | Bought a potion of might for 72 gold pieces
 32060 | Snake:4  | Noticed Nikola
 32068 | Snake:4  | Killed Nikola
 32068 | Snake:4  | Reached skill level 10 in Conjurations
 32068 | Snake:4  | Reached skill level 10 in Hexes
 32068 | Snake:4  | Reached skill level 10 in Charms
 32068 | Snake:4  | Reached skill level 10 in Summonings
 32068 | Snake:4  | Reached skill level 10 in Necromancy
 32068 | Snake:4  | Reached skill level 10 in Translocations
 32068 | Snake:4  | Reached skill level 10 in Transmutations
 32068 | Snake:4  | Reached skill level 10 in Ice Magic
 32068 | Snake:4  | Reached skill level 10 in Air Magic
 32068 | Snake:4  | Reached skill level 10 in Earth Magic
 32068 | Snake:4  | Reached skill level 10 in Poison Magic
 32296 | Snake:4  | Found Bumeneniy's Gadget Shoppe.
 32316 | Snake:4  | Bought a wand of paralysis (13) for 300 gold pieces
 32316 | Snake:4  | Bought a wand of iceblast (10) for 280 gold pieces
 32332 | Snake:4  | Reached XP level 18. HP: 141/143 MP: 33/33
 32352 | Snake:4  | Gained mutation: Your body sometimes deteriorates upon
                  | taking damage. [potion of mutation]
 32352 | Snake:4  | Gained mutation: Your body often deteriorates upon taking
                  | damage. [potion of mutation]
 32352 | Snake:4  | Gained mutation: You are surrounded by a mild repulsion
                  | field. (EV +2) [potion of mutation]
 32471 | Snake:4  | Noticed Aizul
 32492 | Snake:4  | Killed Aizul
 33119 | Snake:4  | Got a serpentine rune of Zot
 33143 | Snake:4  | Identified the Disquisition on the Escort
 33187 | Snake:4  | Found Fusiel's Book Shop.
 33317 | Snake:4  | Bought a manual of Shields for 1656 gold pieces
 33656 | Elf:1    | Entered Level 1 of the Elven Halls
 33770 | Elf:1    | Identified the ring of Domegauj {MP+9 Str+3} (You acquired
                  | it on level 1 of the Elven Halls)
 34455 | Elf:1    | Identified the Disquisition on Stolen Souls
 35742 | Elf:2    | Reached XP level 19. HP: 151/151 MP: 35/35
 35798 | Elf:2    | Found Soodgh's General Store.
 35804 | Elf:2    | Bought a scroll of identify for 32 gold pieces
 35891 | Elf:2    | Found a runed translucent door.
 35913 | Elf:2    | Found a runed translucent door.
 36850 | Elf:3    | Entered Level 3 of the Elven Halls
 36962 | Elf:3    | Found a runed translucent door.
 37097 | Elf:3    | Found a large runed translucent door.
 37097 | Elf:3    | Found a large runed translucent door.
 37098 | Elf:3    | Noticed kalagan's ghost (adept DEEE)
 37362 | Elf:3    | Found an ancient bone altar of Kikubaaqudgha.
 37598 | Elf:3    | Identified the ring "Qedur" {*Corrode rF+ MP+9 Str+2}
 38004 | Elf:3    | Identified the +6 falchion of Sudden Death {drain, +Rage
                  | Str+3}
 38079 | Elf:3    | Identified the +10 mace "Hydra's Death Toll" {pain, rElec
                  | rC+}
 38084 | Elf:3    | Noticed a Brimstone Fiend
 38521 | Elf:3    | Identified the +9 long sword "Vaweasuc" {slice, rC+ MR+}
                  | (You found it on level 3 of the Elven Halls)
 38615 | Elf:3    | Found the amulet of the Air {Inacc +Fly rElec EV+5 RMsl}
 38639 | Elf:3    | Identified Ompomil's Papyrus of Assistive Transmigration
 38691 | Elf:3    | Identified the +3 hand crossbow "Koafeut" {freeze, Int+4
                  | Dex+5} (You found it on level 3 of the Elven Halls)
 39070 | Vaults:1 | Entered Level 1 of the Vaults
 39138 | Vaults:1 | Reached skill level 15 in Shields
 39152 | Vaults:1 | Reached XP level 20. HP: 142/159 MP: 36/36
 40696 | Vaults:2 | Found Vuiceel's Jewellery Shoppe.
 40760 | Vaults:2 | Lost mutation: Your body often deteriorates upon taking
                  | damage. [potion of mutation]
 40760 | Vaults:2 | Lost mutation: Your body sometimes deteriorates upon taking
                  | damage. [potion of mutation]
 40760 | Vaults:2 | Lost mutation: You are surrounded by a mild repulsion
                  | field. (EV +2) [potion of mutation]
 40760 | Vaults:2 | Gained mutation: You tend to lose your temper in combat.
                  | [potion of mutation]
 40760 | Vaults:2 | Gained mutation: You are clumsy. (Dex -2) [potion of
                  | mutation]
 40760 | Vaults:2 | Gained mutation: Your muscles are strong. (Str +2) [potion
                  | of mutation]
 40760 | Vaults:2 | Gained mutation: You are partially covered in slimy green
                  | scales. (AC +2) [potion of mutation]
 40828 | Vaults:2 | Found Yttig's Antique Armour Boutique.
 40855 | Vaults:2 | Found Utery's Magic Scroll Shoppe.
 40929 | Vaults:2 | Bought a scroll of identify for 40 gold pieces
 41053 | Vaults:2 | Reached skill level 15 in Fighting
 41449 | Vaults:2 | Found Juuqupn's Magic Scroll Boutique.
 41457 | Vaults:2 | Bought a scroll of teleportation for 30 gold pieces
 41457 | Vaults:2 | Bought a scroll of teleportation for 30 gold pieces
 41457 | Vaults:2 | Bought a scroll of magic mapping for 35 gold pieces
 41457 | Vaults:2 | Bought a scroll of identify for 20 gold pieces
 41457 | Vaults:2 | Bought a scroll of summoning for 95 gold pieces
 41457 | Vaults:2 | Bought a scroll of magic mapping for 35 gold pieces
 41457 | Vaults:2 | Bought a scroll of identify for 20 gold pieces
 41457 | Vaults:2 | Bought a scroll of enchant weapon for 75 gold pieces
 41541 | Vaults:2 | Reached XP level 21. HP: 148/168 MP: 27/38
 41855 | Vaults:2 | Found a portal to a secret trove of treasure.
 41872 | Vaults:2 | You paid a toll of 6 potions of haste to enter a treasure
                  | trove
 41873 | Trove    | Entered a treasure trove
 41888 | Trove    | Identified Sif Muna's Tome of the Rocks and Heat
 41909 | Trove    | Identified Omapsax's Disquisition on Dark Damage Dealing
 41937 | Trove    | Identified Ruox's Compendium of Clay
 41964 | Trove    | Identified Sif Muna's Grimoire of Helpful Transmutation
 42476 | Vaults:2 | Bought a smoking broad axe for 432 gold pieces
 42476 | Vaults:2 | Identified the +7 broad axe of War {vamp, *Noise rF++ MR+
                  | SInv} (You bought it in a shop on level 2 of the Vaults)
 42527 | Vaults:3 | Reached skill level 15 in Fire Magic
 42689 | Vaults:3 | Noticed Boris
 42702 | Vaults:3 | Killed Boris
 43161 | Vaults:3 | Found Voimaff's Antique Weapon Emporium.
 43242 | Vaults:3 | Reached skill level 15 in Armour
 43283 | Vaults:3 | Found a staircase to the Crypt.
 43650 | Vaults:3 | Bought a scroll of magic mapping for 52 gold pieces
 43650 | Vaults:3 | Bought a wand of disintegration (7) for 165 gold pieces
 43654 | Vaults:3 | Bought the +2 hat of the Bear Spirit {Spirit, +Rage rN+
                  | MR++} for 1212 gold pieces
 43654 | Vaults:3 | Bought a warped chain mail for 294 gold pieces
 43654 | Vaults:3 | Found the +2 hat of the Bear Spirit {Spirit, +Rage rN+
                  | MR++}
 43656 | Vaults:3 | Identified the +3 chain mail "Ala Rukh" {Slay+2} (You
                  | bought it in a shop on level 3 of the Vaults)
 43803 | Vaults:4 | Reached skill level 15 in Invocations
 44634 | Vaults:4 | Reached XP level 22. HP: 178/178 MP: 40/40
 44989 | Vaults:5 | Entered Level 5 of the Vaults
 45117 | Crypt:1  | Entered Level 1 of the Crypt
 45634 | Crypt:1  | Noticed a greater mummy
 45635 | Crypt:1  | Noticed Khufu
 45636 | Crypt:1  | Noticed a greater mummy
 45951 | Swamp:1  | Entered Level 1 of the Swamp
 48438 | Swamp:3  | Found a runed translucent door.
 48456 | Swamp:3  | Noticed Somebody's ghost (adept DEFE)
 48627 | Swamp:3  | Reached skill level 15 in Long Blades
 48918 | Swamp:4  | Entered Level 4 of the Swamp
 49439 | Swamp:4  | Got a decaying rune of Zot
 50117 | Depths:1 | Entered Level 1 of the Depths
 50326 | Depths:1 | Found a magical portal.
 50374 | WizLab   | Entered The Hall of the Hellbinder
 50579 | WizLab   | Gained mutation: You are dopey. (Int -2) [a cacodemon]
 50581 | WizLab   | Gained mutation: Your spells are a little easier to cast,
                  | but a little less powerful. [a cacodemon]
 50829 | WizLab   | Reached XP level 23. HP: 174/187 MP: 29/41
 51159 | WizLab   | Found a burning altar of Makhleb.
 51430 | WizLab   | Found the +5 robe of Night {Dark MR+ SInv}
 51434 | WizLab   | Identified the Tome of Slavery
 52302 | Depths:1 | Found a gateway to Hell.
 52661 | Depths:2 | Reached skill level 15 in Short Blades
 52661 | Depths:2 | Reached skill level 15 in Axes
 52661 | Depths:2 | Reached skill level 15 in Maces & Flails
 52661 | Depths:2 | Reached skill level 15 in Polearms
 52661 | Depths:2 | Reached skill level 15 in Staves
 52661 | Depths:2 | Reached skill level 15 in Slings
 52661 | Depths:2 | Reached skill level 15 in Bows
 52661 | Depths:2 | Reached skill level 15 in Crossbows
 52661 | Depths:2 | Reached skill level 15 in Throwing
 52661 | Depths:2 | Reached skill level 15 in Dodging
 52661 | Depths:2 | Reached skill level 15 in Stealth
 52661 | Depths:2 | Reached skill level 15 in Unarmed Combat
 52661 | Depths:2 | Reached skill level 15 in Spellcasting
 52661 | Depths:2 | Reached skill level 15 in Evocations
 52900 | Depths:2 | Identified the ring of Incredulity {Wiz rPois rC- MR+ Str+7
                  | Dex+3} (You found it on level 2 of the Depths)
 52978 | Depths:2 | Noticed a caustic shrike
 53208 | Depths:2 | Found a one-way gate leading to the halls of Pandemonium.
 53926 | Depths:3 | Reached XP level 24. HP: 197/197 MP: 38/42
 54168 | Depths:3 | Reached skill level 15 in Conjurations
 54168 | Depths:3 | Reached XP level 25. HP: 204/204 MP: 42/42
 54237 | Depths:3 | Paralysed by a floating eye for 4 turns
 54794 | Depths:3 | Lost mutation: Your muscles are strong. (Str +2) [potion of
                  | mutation]
 54794 | Depths:3 | Lost mutation: You tend to lose your temper in combat.
                  | [potion of mutation]
 54794 | Depths:3 | Lost mutation: Your spells are a little easier to cast, but
                  | a little less powerful. [potion of mutation]
 54794 | Depths:3 | Gained mutation: You can translocate small distances at
                  | will. [potion of mutation]
 54794 | Depths:3 | Gained mutation: You are partially covered in yellow
                  | scales. (AC +2) [potion of mutation]
 55390 | Depths:3 | Reached XP level 26. HP: 213/213 MP: 42/42
 56666 | Depths:4 | Found a one-way gate to the infinite horrors of the Abyss.
 56838 | Depths:4 | Identified the amulet "Licoutim" {+Inv rF- Regen+ Int+6}
 57485 | Depths:5 | Entered Level 5 of the Depths
 57917 | Depths:5 | Found Japsatt's Magic Scroll Shoppe.
 58035 | Depths:5 | Bought a scroll of enchant armour for 157 gold pieces
 58035 | Depths:5 | Bought a scroll of identify for 42 gold pieces
 58035 | Depths:5 | Bought a scroll of teleportation for 63 gold pieces
 58035 | Depths:5 | Bought a scroll of identify for 42 gold pieces
 58035 | Depths:5 | Bought a scroll of teleportation for 63 gold pieces
 58035 | Depths:5 | Bought a scroll of fear for 73 gold pieces
 58035 | Depths:5 | Bought a scroll of teleportation for 63 gold pieces
 58035 | Depths:5 | Bought a scroll of identify for 42 gold pieces
 58035 | Depths:5 | Bought a scroll of teleportation for 63 gold pieces
 58058 | Depths:5 | Found Sucleclu's General Store.
 58062 | Depths:5 | Bought a scroll of teleportation for 63 gold pieces
 58062 | Depths:5 | Bought a potion of curing for 63 gold pieces
 58062 | Depths:5 | Bought a scroll of fear for 73 gold pieces
 58380 | Depths:5 | Found a gate to the Realm of Zot.
 59176 | Depths:5 | Found Neunac's Magic Scroll Emporium.
 59184 | Depths:5 | Bought a scroll of fog for 36 gold pieces
 59184 | Depths:5 | Bought a scroll of blinking for 135 gold pieces
 59186 | Depths:5 | Found Wivuhyng's Gadget Shoppe.
 59186 | Depths:5 | Found Husiecy's Jewellery Boutique.
 59187 | Depths:5 | Found Syokor Gusi's Gadget Shoppe.
 59193 | Depths:5 | Bought a phantom mirror for 570 gold pieces
 59200 | Depths:5 | Bought a wand of disintegration (8) for 144 gold pieces
 59200 | Depths:5 | Bought a wand of scattershot (3) for 252 gold pieces
 59258 | Depths:5 | Reached XP level 27. HP: 171/219 MP: 38/43
 59291 | Depths:5 | Found Weahomua's Jewellery Boutique.
 59566 | Depths:5 | Found a gateway to a ziggurat.
 59803 | Zig:1    | Entered Level 1 of a ziggurat
 59822 | Zig:2    | Entered Level 2 of a ziggurat
 59852 | Zig:3    | Entered Level 3 of a ziggurat
 59904 | Zig:4    | Entered Level 4 of a ziggurat
 59918 | Zig:4    | Reached skill level 15 in Summonings
 59954 | Zig:5    | Entered Level 5 of a ziggurat
 60037 | Zig:6    | Entered Level 6 of a ziggurat
 60122 | Zig:6    | Noticed an ancient lich
 60140 | Zig:6    | Killed an ancient lich
 60187 | Zig:6    | Learned a level 2 spell: Song of Slaying
 60191 | Zig:6    | Learned a level 3 spell: Regeneration
 60194 | Zig:6    | Learned a level 2 spell: Shroud of Golubria
 60200 | Zig:6    | Learned a level 5 spell: Silence
 60206 | Zig:6    | Learned a level 5 spell: Aura of Abjuration
 60212 | Zig:6    | Learned a level 5 spell: Borgnjor's Vile Clutch
 60303 | Zig:7    | Entered Level 7 of a ziggurat
 60358 | Zig:7    | Identified the Compendium of the Sunfish
 60618 | Zig:8    | Entered Level 8 of a ziggurat
 60714 | Zig:8    | Identified the +10 broad axe of a Labyrinth {flame, rPois
                  | Str+3} (You found it on level 8 of a ziggurat)
 60740 | Zig:9    | Entered Level 9 of a ziggurat
 60878 | Zig:9    | Identified the ring of Charity {+Blink rC- rN+ MR+++ Int-4}
                  | (You found it on level 9 of a ziggurat)
 61143 | Zig:10   | Entered Level 10 of a ziggurat
 61157 | Zig:10   | Noticed an ancient lich
 61176 | Zig:10   | Killed an ancient lich
 61230 | Zig:10   | Identified the Papyrus of the Nocuous Blaze
 61246 | Zig:10   | Identified the +1 plate armour of the Dungeon {rPois rF+
                  | rC+ rCorr} (You found it on level 10 of a ziggurat)
 61294 | Zig:11   | Entered Level 11 of a ziggurat
 61304 | Zig:11   | Found the +27 Lear's hauberk
 61483 | Zig:11   | Identified the ring of Eheqing {rN+ MR+ Str+2 Int+4 SInv}
                  | (You acquired it on level 11 of a ziggurat)
 61511 | Zig:12   | Entered Level 12 of a ziggurat
 61677 | Zig:13   | Entered Level 13 of a ziggurat
 61778 | Zig:13   | Identified the Grimoire of Noxious Shape Shifting
 61803 | Zig:14   | Entered Level 14 of a ziggurat
 61823 | Zig:14   | Noticed an ancient lich
 61842 | Zig:14   | Paralysed by accursed screaming for 2 turns
 61849 | Zig:14   | Paralysed by accursed screaming for 2 turns
 61868 | Zig:14   | Killed an ancient lich
 61940 | Zig:14   | Identified the ring "Wyfeef Fuaf" {-Tele +Fly rN+ Str+4
                  | Slay+6} (You found it on level 14 of a ziggurat)
 61947 | Zig:14   | Identified the Volume of Glacial Displacement
 61952 | Zig:14   | Identified the Reference Book on Ashen Moulding
 62208 | Zig:15   | Entered Level 15 of a ziggurat
 62340 | Zig:15   | Identified the Compendium of Igneous Black Secrets
 62363 | Zig:15   | Identified Sasuton's Grimoire of Fire and Battle Magic
 62367 | Zig:15   | Identified the amulet "Hezadost" {Faith *Drain rN+++ Int+3
                  | Stlth+} (You found it on level 15 of a ziggurat)
 62392 | Zig:16   | Entered Level 16 of a ziggurat
 62407 | Zig:16   | Noticed a juggernaut
 62408 | Zig:16   | Noticed a juggernaut
 62411 | Zig:16   | Noticed a juggernaut
 62423 | Zig:16   | Killed a juggernaut
 62427 | Zig:16   | Killed a juggernaut
 62429 | Zig:16   | Killed a juggernaut
 62506 | Zig:16   | Identified The Advanced Guide to Witchcraft
 62509 | Zig:16   | Identified the Handbook of the Eight Boll Weevils
 62518 | Zig:16   | Identified the Volume of Self-Improvement and Earth
 62555 | Zig:17   | Entered Level 17 of a ziggurat
 62574 | Zig:17   | Noticed a greater mummy
 62574 | Zig:17   | Noticed a greater mummy
 62584 | Zig:17   | Noticed a greater mummy
 62588 | Zig:17   | Killed a greater mummy
 62588 | Zig:17   | Noticed a greater mummy
 62594 | Zig:17   | Killed a greater mummy
 62610 | Zig:17   | Killed a greater mummy
 62620 | Zig:17   | Killed a greater mummy
 62635 | Zig:17   | Reached skill level 15 in Hexes
 62635 | Zig:17   | Reached skill level 15 in Charms
 62635 | Zig:17   | Reached skill level 15 in Necromancy
 62635 | Zig:17   | Reached skill level 15 in Translocations
 62635 | Zig:17   | Reached skill level 15 in Transmutations
 62635 | Zig:17   | Reached skill level 15 in Ice Magic
 62635 | Zig:17   | Reached skill level 15 in Air Magic
 62635 | Zig:17   | Reached skill level 15 in Earth Magic
 62635 | Zig:17   | Reached skill level 15 in Poison Magic
 62803 | Zig:17   | Got a wavering copper amulet
 62804 | Zig:17   | Identified the amulet of Vinees {Inacc rC+ rN++ Dex+3
                  | Stlth-} (You found it on level 17 of a ziggurat)
 62997 | Zig:17   | Learned a level 6 spell: Shadow Creatures
 63132 | Zig:18   | Entered Level 18 of a ziggurat
 63142 | Zig:18   | Noticed a greater mummy
 63144 | Zig:18   | Noticed a greater mummy
 63144 | Zig:18   | Noticed a greater mummy
 63147 | Zig:18   | Noticed a greater mummy
 63150 | Zig:18   | Noticed a greater mummy
 63151 | Zig:18   | Noticed a greater mummy
 63151 | Zig:18   | Noticed a greater mummy
 63151 | Zig:18   | Noticed a greater mummy
 63152 | Zig:18   | Found the +2 Maxwell's thermic engine {flame, freeze}
 63171 | Depths:5 | Killed a greater mummy
 63859 | Depths:5 | Bought a potion of haste for 400 gold pieces
 63859 | Depths:5 | Bought a flickering bronze ring for 200 gold pieces
 63860 | Depths:5 | Identified the ring "Huigurau" {*Drain rPois rF++ Slay+2
                  | Stlth-} (You bought it in a shop on level 5 of the Depths)
 63866 | Depths:5 | Bought a potion of curing for 33 gold pieces
 63866 | Depths:5 | Bought a potion of mutation for 88 gold pieces
 63866 | Depths:5 | Bought a potion of heal wounds for 55 gold pieces
 63866 | Depths:5 | Bought a potion of haste for 110 gold pieces
 63866 | Depths:5 | Bought a potion of invisibility for 88 gold pieces
 63866 | Depths:5 | Bought a potion of curing for 33 gold pieces
 63866 | Depths:5 | Bought 2 potions of resistance for 220 gold pieces
 63866 | Depths:5 | Bought 2 potions of mutation for 176 gold pieces
 64155 | Slime:1  | Entered Level 1 of the Pits of Slime
 64883 | Slime:4  | Lost mutation: You are dopey. (Int -2) [a shining eye]
 65031 | Slime:5  | Entered Level 5 of the Pits of Slime
 65081 | Slime:5  | Gained mutation: Your flesh is heat resistant. (rF+) [a
                  | shining eye]
 65085 | Slime:5  | Gained mutation: Your body sometimes deteriorates upon
                  | taking damage. [a shining eye]
 65086 | Slime:5  | Noticed the Royal Jelly
 65086 | Slime:5  | Gained mutation: Scrolls take you a little longer to read.
                  | [a shining eye]
 65115 | Slime:4  | Lost mutation: Your body sometimes deteriorates upon taking
                  | damage. [potion of mutation]
 65115 | Slime:4  | Lost mutation: Your flesh is heat resistant. (rF+) [potion
                  | of mutation]
 65115 | Slime:4  | Gained mutation: You are resistant to electric shocks.
                  | (rElec) [potion of mutation]
 65115 | Slime:4  | Gained mutation: You possess an exceptional clarity of
                  | mind. [potion of mutation]
 65121 | Slime:5  | Killed the Royal Jelly
 65218 | Slime:5  | Got a clouded lead ring
 65265 | Slime:5  | Identified the ring of Esamp {Ice -Tele Dex+4} (You found
                  | it on level 5 of the Pits of Slime)
 65287 | Slime:5  | Got a slimy rune of Zot
 65288 | Slime:5  | Identified Sif Muna's Papyrus of Entrancing Weightlessness
 65330 | Slime:5  | Identified the ring "Qeomaor" {rF- EV+3 Str+4 Int+9 Dex-5}
                  | (You found it on level 5 of the Pits of Slime)
 65345 | Slime:5  | Identified the cursed -6 helmet of Gozag's Wrath {-Cast
                  | rElec MP+9 SInv} (You found it on level 5 of the Pits of
                  | Slime)
 65380 | Slime:5  | Gained mutation: Your magical capacity is low. (-10% MP) [a
                  | shining eye]
 65383 | Slime:5  | Gained mutation: You are partially covered in thin metallic
                  | scales. (AC +2) [a shining eye]
 65385 | Slime:5  | Gained mutation: Scrolls take you longer to read. [a
                  | shining eye]
 65725 | Slime:5  | Lost mutation: You are clumsy. (Dex -2) [potion of
                  | mutation]
 65725 | Slime:5  | Lost mutation: Your magical capacity is low. (-10% MP)
                  | [potion of mutation]
 65725 | Slime:5  | Lost mutation: Scrolls take you longer to read. [potion of
                  | mutation]
 65725 | Slime:5  | Lost mutation: You possess an exceptional clarity of mind.
                  | [potion of mutation]
 65725 | Slime:5  | Gained mutation: You have a pair of small antennae on your
                  | head. [potion of mutation]
 65726 | Slime:5  | Lost mutation: You are partially covered in slimy green
                  | scales. (AC +2) [potion of mutation]
 65726 | Slime:5  | Lost mutation: You are partially covered in yellow scales.
                  | (AC +2) [potion of mutation]
 65726 | Slime:5  | Gained mutation: You are dopey. (Int -2) [potion of
                  | mutation]
 65726 | Slime:5  | Gained mutation: You are frail. (-10% HP) [potion of
                  | mutation]
 65726 | Slime:5  | Lost mutation: You are dopey. (Int -2) [potion of mutation]
 65726 | Slime:5  | Gained mutation: Your movements are slightly less
                  | encumbered by armour. (ER -2) [potion of mutation]
 65727 | Slime:5  | Lost mutation: You are frail. (-10% HP) [potion of
                  | mutation]
 65727 | Slime:5  | Lost mutation: You can translocate small distances at will.
                  | [potion of mutation]
 65727 | Slime:5  | Lost mutation: Scrolls take you a little longer to read.
                  | [potion of mutation]
 65727 | Slime:5  | Gained mutation: Your spells are a little easier to cast,
                  | but a little less powerful. [potion of mutation]
 65727 | Slime:5  | Gained mutation: You are covered in fur. (AC +1) [potion of
                  | mutation]
 66143 | Zot:1    | Entered Level 1 of the Realm of Zot
 67192 | Zot:2    | Found a transporter.
 67196 | Zot:2    | Noticed Sebriys's ghost (legendary TrBe)
 67377 | Zot:2    | Found a transporter.
 70568 | Zot:5    | Entered Level 5 of the Realm of Zot
 71046 | Vaults:3 | Bought a glowing shield for 247 gold pieces
 71345 | Orc:2    | Bought a +0 shield of resistance for 409 gold pieces
 71926 | Vaults:3 | Bought a +1 pair of boots of running for 547 gold pieces
 72252 | D:4      | Bought a phantom mirror for 780 gold pieces
 72252 | D:4      | Bought a potion of haste for 260 gold pieces
 72252 | D:4      | Bought a potion of cancellation for 208 gold pieces
 72547 | Depths:5 | Bought a +6 ring of protection for 1482 gold pieces
 73100 | Zot:5    | Found Xawusi's Changing Room.
 73112 | Zot:5    | Bought a potion of mutation for 120 gold pieces
 73112 | Zot:5    | Bought a potion of mutation for 120 gold pieces
 73230 | Zot:5    | Learned a level 2 spell: Passwall
 73236 | Zot:5    | Learned a level 5 spell: Dispel Undead
 73398 | Zot:5    | Bought the Incunabulum of Moulding for 810 gold pieces
 73406 | Zot:5    | Learned a level 6 spell: Statue Form
 73507 | Zot:5    | Noticed an ancient lich
 73518 | Zot:5    | Noticed an orb of fire
 73525 | Zot:5    | Noticed an orb of fire
 73525 | Zot:5    | Noticed an ancient lich
 73525 | Zot:5    | Killed an ancient lich
 73529 | Zot:5    | Noticed an orb of fire
 73536 | Zot:5    | Noticed an orb of fire
 73537 | Zot:5    | Killed an ancient lich
 73538 | Zot:5    | Noticed an ancient lich
 73539 | Zot:5    | Noticed an ancient lich
 73548 | Zot:5    | Noticed an ancient lich
 73550 | Zot:5    | Noticed an ancient lich
 73553 | Zot:5    | Gained mutation: You are weak. (Str -2) [an orb of fire]
 73553 | Zot:5    | Noticed an ancient lich
 73554 | Zot:5    | Killed an orb of fire
 73565 | Zot:5    | Killed an ancient lich
 73576 | Zot:5    | Killed an ancient lich
 73583 | Zot:5    | Killed an ancient lich
 73584 | Zot:5    | Killed from afar by an ancient lich

Skill      XL: |  1  2  3  4  5  6  7  8  9 10 11 12 13 14 15 16 17 18 19 20 21 22 23 24 25 26 27 |
---------------+----------------------------------------------------------------------------------+-----
Short Blades   | 1 2 3 4 5 6 7 8 9 10 11 12 13 14 15 16 18 | 18.8
Axes           | 1 2 3 4 5 6 7 8 9 10 11 12 13 14 15 16 18 | 18.8
Maces & Flails | 1 2 3 4 5 6 7 8 9 10 11 12 13 14 15 16 18 | 18.8
Polearms       | 1 2 3 4 5 6 7 8 9 10 11 12 13 14 15 16 20 | 20.9
Staves         | 1 2 3 4 5 6 7 8 9 10 11 12 13 14 15 16 18 | 18.8
Slings         | 1 2 3 4 5 6 7 8 9 10 11 12 13 14 15 16 18 | 18.8
Bows           | 1 2 3 4 5 6 7 8 9 10 11 12 13 14 15 16 18 | 18.8
Crossbows      | 1 2 3 4 5 6 7 8 9 10 11 12 13 14 15 16 20 | 20.9
Throwing       | 1 2 3 4 5 6 7 8 9 10 11 12 13 14 15 16 18 | 18.8
Dodging        | 1 2 3 4 5 6 7 8 9 10 11 12 13 14 15 16 18 | 18.8
Stealth        | 1 2 3 4 5 6 7 8 9 10 11 12 13 14 15 16 18 | 18.8
Unarmed Combat | 1 2 3 4 5 6 7 8 9 10 11 12 13 14 15 16 18 | 18.8
Spellcasting   | 1 2 3 4 5 6 7 8 9 10 11 12 13 14 15 16 18 | 18.8
Conjurations   | 1 2 3 4 5 6 7 8 9 10 11 12 13 14 15 19 | 19.7
Hexes          | 1 2 3 4 5 6 7 8 9 10 11 12 13 16 | 16.2
Charms         | 1 2 3 4 5 6 7 8 9 10 11 12 13 16 | 16.2
Summonings     | 1 2 3 4 5 6 7 8 9 10 11 12 13 14 19 | 19.0
Necromancy     | 1 2 3 4 5 6 7 8 9 10 11 12 13 16 | 16.2
Translocations | 1 2 3 4 5 6 7 8 9 10 11 12 13 16 | 16.2
Transmutations | 1 2 3 4 5 6 7 8 9 10 11 12 13 16 | 16.2
Fire Magic     | 1 2 3 4 5 6 8 9 10 11 12 13 14 15 16 17 21 | 21.1
Ice Magic      | 1 2 3 4 5 6 7 8 9 10 11 12 13 16 | 16.2
Air Magic      | 1 2 3 4 5 6 7 8 9 10 11 12 13 16 | 16.2
Earth Magic    | 1 2 3 4 5 6 7 8 9 10 11 12 13 16 | 16.2
Poison Magic   | 1 2 3 4 5 6 7 8 9 10 11 12 13 16 | 16.2
Invocations    | 1 2 3 4 5 6 7 8 9 10 11 12 13 14 15 16 17 20 | 20.2
Evocations     | 1 2 3 4 5 6 7 8 9 10 11 12 13 14 15 16 18 | 18.8
Long Blades    | 5 6 7 8 9 10 11 12 13 14 15 16 19 | 19.2
Fighting       | 7 8 9 10 11 12 13 14 15 16 17 18 19 23 | 23.2
Armour         | 7 8 9 10 11 12 13 14 15 16 17 19 | 19.5
Shields        | 7 8 9 10 11 12 13 14 15 16 17 18 19 23 | 23.6

Action                   |  1- 3 |  4- 6 |  7- 9 | 10-12 | 13-15 | 16-18 | 19-21 | 22-24 | 25-27 || total
-------------------------+-------+-------+-------+-------+-------+-------+-------+-------+-------++-------
Melee: Long sword        |    57 |   176 |   451 |   293 |       |       |       |       |       ||   977
       Bite              |     9 |    28 |    72 |    91 |   256 |   190 |   252 |   289 |   533 ||  1720
       Spear             |       |    27 |    58 |       |       |       |       |       |       ||    85
       Trident           |       |       |       |   206 |   886 |       |       |       |       ||  1092
       Scimitar          |       |       |       |    17 |       |       |       |       |       ||    17
       War axe           |       |       |       |       |   513 |   705 |       |       |       ||  1218
       Rapier            |       |       |       |       |       |   505 |   997 |   309 |       ||  1811
       Broad axe         |       |       |       |       |       |       |   427 |  1433 |  2649 ||  4509
Throw: Throwing net      |       |       |       |     4 |       |       |       |       |       ||     4
       Javelin           |       |       |       |       |     2 |    17 |       |     4 |     3 ||    26
 Cast: Regeneration      |       |       |       |       |       |       |       |       |    14 ||    14
       Shroud of Golubri |       |       |       |       |       |       |       |       |    12 ||    12
       Song of Slaying   |       |       |       |       |       |       |       |       |    12 ||    12
       Silence           |       |       |       |       |       |       |       |       |     4 ||     4
       Shadow Creatures  |       |       |       |       |       |       |       |       |     3 ||     3
       Statue Form       |       |       |       |       |       |       |       |       |     1 ||     1
       Aura of Abjuratio |       |       |       |       |       |       |       |       |     1 ||     1
Invok: Call Merchant     |       |       |       |       |     3 |       |     5 |       |     2 ||    10
       Potion Petition   |       |       |       |       |       |       |       |       |     2 ||     2
       Bribe Branch      |       |       |       |       |       |       |       |       |     1 ||     1
 Abil: Stop Flying       |       |       |       |       |       |       |       |       |     1 ||     1
Evoke: Wand              |       |       |     1 |    25 |    14 |    10 |    14 |    45 |    24 ||   133
       Lightning rod     |       |       |       |     9 |     9 |     4 |    10 |       |       ||    32
       Sack of spiders   |       |       |       |       |       |     1 |     2 |     3 |     1 ||     7
       Lamp of fire      |       |       |       |       |       |       |     2 |     1 |     9 ||    12
       Phial of floods   |       |       |       |       |       |       |       |       |     1 ||     1
  Use: Scroll            |       |     7 |     3 |    12 |     7 |    14 |     9 |     6 |    44 ||   102
       Potion            |       |       |       |     4 |     4 |     9 |     2 |     5 |    33 ||    57
 Stab: Sleeping          |       |     2 |     4 |    18 |     1 |     1 |     4 |       |     6 ||    36
       Distracted        |       |     1 |     1 |     6 |    18 |     9 |    13 |    20 |    55 ||   123
       Paralysed         |       |       |       |     7 |     1 |       |       |       |       ||     8
       Held in net/web   |       |       |       |     1 |       |       |       |       |       ||     1
       Confused          |       |       |       |       |     2 |       |       |     3 |     6 ||    11
       Fleeing           |       |       |       |       |       |     1 |       |       |       ||     1
       Invisible         |       |       |       |       |       |       |       |    67 |    28 ||    95
       Petrified         |       |       |       |       |       |       |       |       |     6 ||     6
       Petrifying        |       |       |       |       |       |       |       |       |     2 ||     2
  Eat: Chunk             |       |     5 |     1 |       |       |       |       |       |       ||     6
       Ration            |       |       |     4 |     7 |    11 |    10 |    10 |    13 |    23 ||    78
Armor: Scale mail        |    14 |    69 |    84 |   108 |    93 |       |       |       |       ||   368
       Ring mail         |       |       |    69 |    56 |       |       |       |       |       ||   125
       Plate armour      |       |       |       |       |   245 |   241 |   296 |   789 |  1027 ||  2598
       Fire dragon scale |       |       |       |       |       |       |       |       |    77 ||    77
Dodge: Dodged            |    24 |    86 |   191 |   172 |   491 |   450 |   319 |   747 |  1257 ||  3737
       Deflected         |       |       |       |       |     9 |    87 |    35 |       |       ||   131
Block: Shield            |    29 |   114 |   271 |   434 |  1176 |  1119 |   972 |  1742 |  2850 ||  8707
       Reflection        |       |       |       |    13 |    69 |   176 |   117 |    43 |   119 ||   537
       Rpst.: Long sword |     7 |    27 |    41 |    33 |       |       |       |       |       ||   108
       Scimitar          |       |       |       |     1 |       |       |       |       |       ||     1
